 Dungeon Crawl Stone Soup version 0.28.0-43-g3370ac3207 (webtiles) character file.

Game seed: 15623124772542253285

52 experimilk the Chopper (level 3, -3/31 HPs)
             Began as a Palentonga Fighter on Mar 19, 2022.
             Was an Initiate of Okawaru.
             Slain by a gnoll
             ... wielding a +0 spear
              (5 damage)
             ... on level 2 of the Dungeon.
             The game lasted 00:03:23 (1663 turns).

experimilk the Chopper (Palentonga Fighter)         Turns: 1663, Time: 00:03:24

Health: -3/31      AC:  6    Str: 21    XL:     3   Next: 60%
Magic:  3/3        EV:  7    Int:  8    God:    Okawaru [......]
Gold:   48         SH:  4    Dex:  9    Spells: 2/2 levels left

rFire   . . .      SeeInvis +   a - +0 war axe
rCold   . . .      Faith    +   c - +0 buckler
rNeg    . . .      Spirit   .   b - +0 scale mail
rPois   .          Reflect  .   (no helmet)
rElec   .          Harm     .   (no cloak)
rCorr   .          Rampage  .   (no gloves)
Will    .....                   (no barding)
Stlth   ..........              g - amulet of faith
HPRegen 0.10/turn               (no ring)
MPRegen 0.08/turn               (no ring)

@: mighty
A: large, rugged brown scales 3, see invisible, deformed body, roll 1, armoured
tail
a: Rolling Charge, Renounce Religion


You were on level 2 of the Dungeon.
You worshipped Okawaru.
Okawaru was noncommittal.
You visited 1 branch of the dungeon, and saw 2 of its levels.

You collected 48 gold pieces.

Inventory:

Hand Weapons
 a - a +0 war axe (weapon)
Missiles
 i - 5 curare-tipped darts (quivered)
Armour
 b - a +0 scale mail (worn)
 c - a +0 buckler (worn)
 h - a +0 ring mail
Jewellery
 g - an amulet of faith (around neck)
Potions
 e - 2 potions of resistance
 f - a potion of mutation {unknown}
 j - 2 potions of haste {unknown}


   Skills:
 - Level 3.0 Fighting
 + Level 4.0 Axes
 - Level 2.4 Armour
 - Level 2.4 Shields


You had 2 spell levels left.
You didn't know any spells.
Your spell library contained the following spells:

 Spells                   Type           Power      Damage    Failure   Level
 Sandblast                Erth           0%         2d4       83%         1
 Passwall                 Tmut/Erth      0%         N/A       92%         2
 Stone Arrow              Conj/Erth      0%         3d7       99%         3


Dungeon Overview and Level Annotations

Branches:
Dungeon (2/15)

Altars:
Okawaru


Innate Abilities, Weirdness & Mutations

You are completely covered in rugged brown scales. (AC +3, +7% HP)
You have supernaturally acute eyesight. (SInv)
Armour fits poorly on your strangely shaped body.
You can roll at nearby foes to attack.
You have a long armoured tail.


Message History

You closely miss the gnoll.
The gnoll hits you with a +2 flail of draining.
You feel drained.
There are monsters nearby!
You slash the gnoll!
Your tail-slap misses the gnoll.
The gnoll is almost dead.
You slash the goblin!
You kill the goblin!
Okawaru accepts your kill. The gnoll barely misses you.
There are monsters nearby!
You slash the gnoll!
You kill the gnoll!
Okawaru accepts your kill.
You barely miss the ball python. The ball python barely misses you.
The ball python bites you but does no damage.
Your life force feels restored.
Your Axes skill increases to level 4!
There are monsters nearby!
You hit the ball python.
You kill the ball python!
Okawaru accepts your kill.
The gnoll hits you from afar with a +0 spear. x2
The gnoll hits you with a +0 whip. The gnoll hits you with a +0 spear.
Items here: $ ) ? †.
There are monsters nearby!
You are too injured to fight recklessly!
There are monsters nearby!
The gnoll hits you from afar with a +0 spear.
* * * LOW HITPOINT WARNING * * *
You feel very mighty all of a sudden. The gnoll hits you with a +0 whip.
* * * LOW HITPOINT WARNING * * *
The gnoll hits you from afar with a +0 spear.
* * * LOW HITPOINT WARNING * * *
You barely miss the gnoll. You tail-slap the gnoll!
You kill the gnoll!
Okawaru accepts your kill.
The gnoll hits you from afar with a +0 spear.
You die...

....#######..# ###....
..........#..# #..##
#####...........# #..##
................# #....
................# #..##
................# #..##
................# #..##
........##......#####..##
......g)@................
.......)##....#.#####..#.
........##....#.#####....
.........................
......................##.
..#....###...............
# #.... #..#.#.#.#.#.##.
..... ....#.....#.##. ..
#<#.###.†..


You could see a gnoll.

Vanquished Creatures
  2 gnolls (D:2)
  An adder (D:2)
  A worm (D:2)
  2 dart slugs
  5 ball pythons
  An endoplasm (D:1)
  A giant cockroach (D:2)
  2 goblins
  2 hobgoblins
  3 kobolds
  A quokka (D:1)
  2 bats
  3 frilled lizards
  3 rats
29 creatures vanquished.

Notes
Turn   | Place    | Note
-------+----------+-------------------------------------------
     0 | D:1      | experimilk the Palentonga Fighter began the quest for the
                  | Orb.
     0 | D:1      | Reached XP level 1. HP: 19/19 MP: 1/1
   508 | D:1      | Reached XP level 2. HP: 25/25 MP: 2/2
   605 | D:1      | Reached skill level 3 in Axes
   908 | D:1      | Found a faded altar of an unknown god.
  1232 | D:2      | Found an iron altar of Okawaru.
  1256 | D:2      | Reached XP level 3. HP: 21/31 MP: 3/3
  1257 | D:2      | Became a worshipper of Warmaster Okawaru
  1659 | D:2      | Reached skill level 4 in Axes
  1663 | D:2      | Slain by a gnoll

Illustrated notes

Levels and vault maps discovered:
D:1:      giann_wishing_wells, layout_basic,
          shapermc_ecumenical_altar_hornbeckon
D:2:      layout_basic, basic_altar

Skill      XL: |  1  2  3 |
---------------+----------+-----
Axes           | 3 4 |  4.0
Fighting       | |  3.0
Armour         | |  2.4
Shields        | |  2.4

Action                   || total
-------------------------++-------
Melee: War axe           ||    75
       Tailslap          ||     6
  Use: Scroll            ||     2
       Potion            ||     1
Armor: Scale mail        ||    47
Dodge: Dodged            ||    22
Block: Buckler           ||    13
